 Dungeon Crawl Stone Soup version 0.30-a0-556-g0a0f5a245f (webtiles) character file.

Game seed: 8915256290935380760

2 M4edhros the Charlatan (level 1, 0/13 HPs)
             Began as an Octopode Artificer on Dec 27, 2022.
             Slain by a giant cockroach (2 damage)
             ... on level 1 of the Dungeon.
             The game lasted 00:00:10 (44 turns).

M4edhros the Charlatan (Octopode Artificer)           Turns: 44, Time: 00:00:10

Health: 0/13       AC:  1    Str: 11    XL:     1   Next: 40%
Magic:  1/1        EV: 13    Int: 13    God:
Gold:   0          SH:  0    Dex: 12    Spells: 0/0 levels left

rFire   . . .      SeeInvis .    (no weapon)
rCold   . . .      Faith    .    (no shield)
rNeg    . . .      Spirit   .    (helmet restricted)
rPois   .          Reflect  .    (no amulet)
rElec   .          Harm     .    (no ring)
rCorr   .          Rampage  .    (no ring)
Will    .....                    (no ring)
Stlth   +++                      (no ring)
HPRegen 0.22/turn                (no ring)
MPRegen 0.07/turn                (no ring)
                                 (no ring)
                                 (no ring)

@: no status effects
A: almost no armour, amphibious, 8 rings, camouflage 1, gelatinous body 1,
(nimble swimmer 1), tentacles
a: no special abilities


You were on level 1 of the Dungeon.
You visited 1 branch of the dungeon, and saw 1 of its levels.

Inventory:

Wands
 b - a wand of flame (15) (quivered)
 c - a wand of charming (15)
Scrolls
 a - a scroll of blinking {unknown}


   Skills:
 + Level 1.0 Fighting
 + Level 2.4 Dodging
 + Level 1.4 Stealth
 * Level 0.2 Unarmed Combat
 + Level 3.3 Evocations


You couldn't memorise any spells.
You didn't know any spells.
Your spell library was empty.

Dungeon Overview and Level Annotations

Branches:
Dungeon (1/15)

Altars:


Innate Abilities, Weirdness & Mutations

You cannot wear most types of armour.
You are amphibious.
You can wear up to eight rings at the same time.
Your skin changes colour to match your surroundings (Stealth+).
Your rubbery body absorbs attacks. (AC +1, EV +1)
((You are camouflaged when in or above water. (Stealth+)))
You have tentacles for arms and can constrict up to eight enemies at once.


Message History

a - a scroll labelled KAEQO EKOA
Found two human skeletons.
Found a human skeleton and a spear.
You see here a human skeleton.
You see here a +1 whip of venom.
You see here a human skeleton. 2 jackals come into view.
There are monsters nearby!
A goblin and a giant cockroach come into view.
The jackal barks!
The jackal closely misses you. The jackal barely misses you.
You tentacle-slap the jackal. You grab the jackal.
The jackal is lightly wounded.
You constrict the jackal. The jackal misses you.
You tentacle-slap the jackal but do no damage.
You squeeze the jackal, but do no damage.
The jackal is moderately wounded.
You constrict the jackal. The jackal closely misses you. The jackal bites you.
The jackal barely misses you. The jackal bites you.
The goblin hits you but does no damage.
You tentacle-slap the goblin but do no damage.
Your grab misses the goblin.
You constrict the jackal, but do no damage.
The jackal misses you. The jackal bites you.
The goblin hits you with a +0 club.
You closely miss the goblin. You grab the goblin. You constrict the goblin.
You constrict the jackal.
You kill the jackal!
The jackal barely misses you. The goblin hits you with a +0 club.
You completely miss the jackal. You grab the jackal. You squeeze the jackal.
You kill the jackal!
You constrict the goblin. The giant cockroach misses you.
The goblin hits you with a +0 club.
* * * LOW HITPOINT WARNING * * *
You closely miss the giant cockroach. You grab the giant cockroach.
You constrict the goblin.
You kill the goblin!
You constrict the giant cockroach, but do no damage.
The giant cockroach bites you.
You die...

# .# ######.## #........
##........ .........
#.B...... #@)......
#.####### #..#
########.############
♣.......................♣
♣..8..8...........8..8..♣
♣...÷÷.............÷÷)..♣
♣....÷.............÷....♣♣
...8..8...........8..8...♣


You could see a giant cockroach.

Vanquished Creatures
  A goblin (D:1)
  2 jackals (D:1)
3 creatures vanquished.

Notes
Turn   | Place    | Note
-------+----------+-------------------------------------------
     0 | D:1      | M4edhros the Octopode Artificer began the quest for the
                  | Orb.
     0 | D:1      | Reached XP level 1. HP: 13/13 MP: 1/1
    44 | D:1      | Slain by a giant cockroach

Illustrated notes

Levels and vault maps discovered:
D:1:      giann_forest_graveyard, layout_basic, minmay_tetromino_t4

Action                   || total
-------------------------++-------
Melee: Unarmed           ||     6
       Constrict         ||     4
       Tentacles         ||     2
Armor: Skin              ||     1
Dodge: Dodged            ||     8

Table legend: (Time is in decaauts)
 A = Elapsed time spent in this place.
 B = Non-inter-level travel time spent in this place.
 C = Inter-level travel time spent in this place.
 D = Time resting spent in this place.
 E = Time spent auto-exploring this place.
 F = Levels seen in this place.
 G = Mean time per level.
                   A        B        C        D        E       F      G
               +--------+--------+--------+--------+--------+-----+--------+
         Total |     44 |     44 |      0 |      0 |     29 |   1 |   44.0 |
       Dungeon |     44 |     44 |      0 |      0 |     29 |   1 |   44.0 |
               +--------+--------+--------+--------+--------+-----+--------+

Top non-repeatable levels by time:
     D:1: 44 daAuts
